 Dungeon Crawl Stone Soup version 0.23.0 (webtiles) character file.

Game seed: 672597877939489850

1180 tidbits the Charmwright (level 8, 63/63 HPs)
             Began as a Gnoll Skald on Feb 14, 2019.
             Quit the game on level 5 of the Dungeon.
             The game lasted 00:14:42 (1518 turns).

tidbits the Charmwright (Gnoll Skald)               Turns: 1518, Time: 00:14:43

Health: 63/63      AC:  8    Str: 14    XL:     8   Next: 42%
Magic:  17/17      EV: 19    Int: 19    God:
Gold:   24         SH:  0    Dex: 15    Spells: 8/19 levels left

rFire    + + .     SeeInvis .   a - +1 trident (venom)
rCold    . . .     Gourm    .   (no shield)
rNeg     . . .     Faith    .   B - +2 leather armour {rF+}
rPois    .         Spirit   .   (helmet restricted)
rElec    .         Reflect  .   (no cloak)
rCorr    .         Harm     .   (no gloves)
MR       .....                  F - +2 pair of boots {run}
Stlth    ++........             (no amulet)
HPRegen  0.20/turn              t - +4 ring of evasion (curse)
MPRegen  0.15/turn              x - ring of protection from fire

@: slow
A: distributed training, fangs 1, horns 1, clever 1, wild magic 1, strong nose
a: no special abilities


You were on level 5 of the Dungeon.
You were not hungry.

You visited 2 branches of the dungeon, and saw 8 of its levels.

You collected 297 gold pieces.
You spent 273 gold pieces at shops.

Inventory:

Hand Weapons
 a - a +1 trident of venom (weapon)
   (You took it off an orc on level 6 of the Dungeon)
 d - a +0 dagger
 k - a +0 shortbow
 m - a +0 hand crossbow
 r - a +0 spear
 y - a +0 blowgun
 D - a +1 trident
Missiles
 h - 17 stones (quivered)
 j - 88 arrows
Armour
 z - a +0 ring mail
 B - a +2 leather armour of fire resistance (worn)
   (You took it off an orc on level 6 of the Dungeon)
 E - a +2 helmet
 F - a +2 pair of boots of running (worn)
   (You found it on level 6 of the Dungeon)
 I - a +0 leather armour
Jewellery
 l - an uncursed ring of see invisible
   (You found it on level 1 of the Dungeon)
 s - an uncursed ring of stealth
   (You found it on level 2 of the Dungeon)
 t - a cursed +4 ring of evasion (left hand)
   (You found it on level 2 of the Dungeon)
 x - a ring of protection from fire (right hand)
   (You found it on level 3 of the Dungeon)
Wands
 C - a wand of random effects (22)
Scrolls
 e - 3 scrolls of teleportation
 g - a scroll of enchant weapon
 n - 2 scrolls of enchant armour
 o - 3 scrolls of remove curse
 q - 2 scrolls of magic mapping {unknown}
 v - 4 scrolls of identify
 w - a scroll of fear
 H - a scroll of immolation {unknown}
 J - 2 scrolls of fog
Potions
 b - a potion of flight {unknown}
 c - a potion of invisibility {unknown}
 f - a potion of magic {unknown}
 i - 4 potions of might
 u - a potion of mutation {!q}
 A - a potion of lignification {unknown}
 G - a potion of curing {unknown}
Comestibles
 p - 6 rations


   Skills:
 + Level 5.6 Fighting
 + Level 3.2 Short Blades
 + Level 3.2 Long Blades
 + Level 3.2 Axes
 + Level 3.2 Maces & Flails
 + Level 5.6 Polearms
 + Level 3.2 Staves
 + Level 3.2 Slings
 + Level 3.2 Bows
 + Level 3.2 Crossbows
 + Level 3.2 Throwing
 + Level 4.1 Armour
 + Level 5.6 Dodging
 + Level 3.2 Stealth
 + Level 3.2 Shields
 + Level 3.2 Unarmed Combat
 + Level 6.0 Spellcasting
 + Level 2.6 Conjurations
 + Level 2.6 Hexes
 + Level 6.1 Charms
 + Level 2.6 Summonings
 + Level 2.6 Necromancy
 + Level 2.6 Translocations
 + Level 2.6 Transmutations
 + Level 2.6 Fire Magic
 + Level 2.6 Ice Magic
 + Level 2.6 Air Magic
 + Level 2.6 Earth Magic
 + Level 2.6 Poison Magic
   Level 3.5 Invocations
 + Level 3.2 Evocations


You had 8 spell levels left.
You knew the following spells:

 Your Spells              Type           Power        Failure   Level  Hunger
g - Shroud of Golubria    Chrm/Tloc      ####......   6%          2    None
i - Infusion              Chrm           ####         2%          1    None
r - Regeneration          Chrm/Necr      ####......   11%         3    ##.....
w - Spectral Weapon       Hex/Chrm       ####....     11%         3    ##.....
y - Song of Slaying       Chrm           #####...     3%          2    None

Your spell library contained the following spells:

 Spells                   Type           Power        Failure   Level  Hunger


Dungeon Overview and Level Annotations

Branches:
Dungeon (7/15)             Temple (1/1) D:6

Altars:
Cheibriados
Elyvilon
Trog
Yredelemnul

Shops:
D:5 ?


Innate Abilities, Weirdness & Mutations

Your experience applies equally to all skills.
You have very sharp teeth.
Your uncanny sense of smell can sniff out nearby items.
You have a pair of small horns on your head.
Your mind is acute. (Int +2)
Your spells are a little harder to cast, but a little more powerful.


Message History

You kill the orc!
Cheibriados appreciates the change of pace.
Things that are here:
a +0 flail; a +0 chain mail
Things that are here:
a +0 club; a +2 leather armour of fire resistance; an orc corpse You puncture the ball python!
You kill the ball python!
Cheibriados appreciates the change of pace.
I - a +2 leather armour of fire resistance Wear which item? (? for menu, Esc to quit)
You start removing your armour.
You continue taking off your +0 leather armour. x4
Magic restored.
You finish taking off your +0 leather armour.
You start putting on your armour.
You continue putting on your +2 leather armour of fire resistance. x5
Your spectral weapon fades away.
You finish putting on your +2 leather armour of fire resistance.
You feel resistant to fire.
Adjust (i)tems, (s)pells, or (a)bilities?
Adjust which item? (? for menu, Esc to quit)
I - a +2 leather armour of fire resistance (worn)
Adjust to which letter? (? for menu, Esc to quit)
B - a +2 leather armour of fire resistance (worn)
I - a +0 leather armour Unknown command.
Found a leather armour.
Cheibriados thinks you should slow down.
You feel a little guilty.
Cheibriados thinks you should slow down.
You feel a little guilty.
Cheibriados thinks you should slow down.
You feel a little guilty.
Cheibriados thinks you should slow down.
You feel a little guilty.
Cheibriados thinks you should slow down.
You feel a little guilty.
Unknown command.
Unknown command.
Cheibriados thinks you should slow down.
You feel a little guilty.
Unknown command.
Cheibriados thinks you should slow down.
You feel a little guilty.
Unknown command.
Cheibriados thinks you should slow down.
You feel a little guilty.
Unknown command.
Found a stone staircase leading up.
Cheibriados thinks you should slow down.
You feel a little guilty.
Unknown command.
Cheibriados thinks you should slow down.
You feel a little guilty.
There is a stone staircase leading up here.
You climb upwards.
Found a leather armour and a ration.
There is a stone staircase leading down here.
Unknown command.
Found 18 stones.
Found a stone staircase leading up.
You see here a ration.
p - 6 rations (gained 1) Cheibriados thinks you should slow down.
You feel a little guilty.
Unknown command.
Unknown command.
Cheibriados thinks you should slow down.
You feel a little guilty.
You have lost your religion!
Cheibriados does not appreciate desertion!
Cheibriados continues to slow your movements.
Unknown command.
Unknown command.
You enter the shallow water.
Moving in this stuff is going to be slow.
Found a stone staircase leading up.
Unknown command.
There is a stone staircase leading up here.
You climb upwards.
There is a stone staircase leading down here.
Unknown command.
You climb downwards.
There is a stone staircase leading up here.
Unknown command.
Press: ? - help, . - travel You can't see that place. [a shop.]
You have 297 gold pieces.
There is an entrance to Baumuet's Magic Scroll Shoppe here.
J - a scroll of fog
e - 3 scrolls of teleportation (gained 1)
v - 4 scrolls of identify (gained 1);
J - 2 scrolls of fog (gained 1)
o - 3 scrolls of remove curse (gained 1)
n - 2 scrolls of enchant armour (gained 1) Thank you for shopping at Baumuet's Magic Scroll Shoppe!
Wear which item? (? for menu, Esc to quit)
Okay, then.
Are you sure you want to abandon this character and quit the game? (Confirm with "yes".)

........<....##.....##...#.......
................................
.............####...##...........
.................................
.............#...................
.............#...................
...##........#...................
...##........#...........#.......
....#........#..@.#####..........
......###.####.................#.
......###.# ##....#####........#.
.......##.###...... .............
.....≈..≈..≈.≈...######..........
.†.≈......≈......#≈≈##...........
#...≈≈≈..≈..≈.≈.##≈##............
≈≈≈≈≈≈≈≈≈≈≈≈≈≈≈≈≈≈≈#.............
≈≈≈≈≈≈.≈≈≈≈≈≈.≈≈≈≈##.............


There were no monsters in sight!

Vanquished Creatures
  Grinder (D:3)
  An ice beast (D:5)
  2 orc warriors (D:6)
  2 ogres
  A centaur (D:6)
  A howler monkey (D:5)
  5 orc wizards
  2 iguanas
  3 worker ants
  2 hound skeletons
  A worker ant zombie (D:5)
  3 gnolls (D:5)
  3 adders
  A shadow imp (D:5)
  A dart slug (D:3)
  2 leopard geckos
  9 orcs
  2 giant cockroaches
  6 goblins
  2 hobgoblins
  A quokka (D:3)
  A ball python (D:6)
  2 bats
  3 frilled lizards
  A giant cockroach zombie (D:5)
  6 kobolds
  A quokka skeleton (D:5)
  6 rats
71 creatures vanquished.

Notes
Turn   | Place    | Note
-------+----------+-------------------------------------------
     0 | D:1      | tidbits the Gnoll Skald began the quest for the Orb.
     0 | D:1      | Reached XP level 1. HP: 20/20 MP: 6/6
   110 | D:1      | Reached XP level 2. HP: 26/26 MP: 3/7
   114 | D:1      | Learned a level 2 spell: Song of Slaying
   122 | D:1      | Learned a level 2 spell: Shroud of Golubria
   260 | D:2      | Found a white marble altar of Elyvilon.
   307 | D:3      | Found a bloodstained altar of Trog.
   499 | D:2      | Reached skill level 5 in Spellcasting
   499 | D:2      | Reached XP level 3. HP: 31/31 MP: 4/9
   504 | D:2      | Learned a level 3 spell: Regeneration
   508 | D:2      | Learned a level 3 spell: Spectral Weapon
   622 | D:3      | Reached skill level 1 in Invocations
   765 | D:3      | Noticed Grinder
   776 | D:3      | Killed Grinder
   776 | D:3      | Reached skill level 1 in Short Blades
   776 | D:3      | Reached skill level 1 in Long Blades
   776 | D:3      | Reached skill level 1 in Axes
   776 | D:3      | Reached skill level 1 in Maces & Flails
   776 | D:3      | Reached skill level 1 in Staves
   776 | D:3      | Reached skill level 1 in Slings
   776 | D:3      | Reached skill level 1 in Bows
   776 | D:3      | Reached skill level 1 in Crossbows
   776 | D:3      | Reached skill level 1 in Throwing
   776 | D:3      | Reached skill level 3 in Armour
   776 | D:3      | Reached skill level 1 in Stealth
   776 | D:3      | Reached skill level 1 in Shields
   776 | D:3      | Reached skill level 1 in Unarmed Combat
   776 | D:3      | Reached skill level 1 in Conjurations
   776 | D:3      | Reached skill level 1 in Hexes
   776 | D:3      | Reached skill level 1 in Summonings
   776 | D:3      | Reached skill level 1 in Necromancy
   776 | D:3      | Reached skill level 1 in Translocations
   776 | D:3      | Reached skill level 1 in Transmutations
   776 | D:3      | Reached skill level 1 in Fire Magic
   776 | D:3      | Reached skill level 1 in Ice Magic
   776 | D:3      | Reached skill level 1 in Air Magic
   776 | D:3      | Reached skill level 1 in Earth Magic
   776 | D:3      | Reached skill level 1 in Poison Magic
   776 | D:3      | Reached skill level 2 in Invocations
   776 | D:3      | Reached skill level 1 in Evocations
   776 | D:3      | Reached XP level 4. HP: 38/38 MP: 1/11
   776 | D:3      | Reached XP level 5. HP: 43/43 MP: 1/12
   776 | D:3      | Reached XP level 6. HP: 50/50 MP: 1/13
   861 | D:4      | Reached skill level 5 in Fighting
   861 | D:4      | Reached skill level 2 in Short Blades
   861 | D:4      | Reached skill level 2 in Long Blades
   861 | D:4      | Reached skill level 2 in Axes
   861 | D:4      | Reached skill level 2 in Maces & Flails
   861 | D:4      | Reached skill level 5 in Polearms
   861 | D:4      | Reached skill level 2 in Staves
   861 | D:4      | Reached skill level 2 in Slings
   861 | D:4      | Reached skill level 2 in Bows
   861 | D:4      | Reached skill level 2 in Crossbows
   861 | D:4      | Reached skill level 2 in Throwing
   861 | D:4      | Reached skill level 5 in Dodging
   861 | D:4      | Reached skill level 2 in Stealth
   861 | D:4      | Reached skill level 2 in Shields
   861 | D:4      | Reached skill level 2 in Unarmed Combat
   861 | D:4      | Reached skill level 2 in Evocations
   935 | D:4      | You fall through a shaft for 3 floors!
   994 | D:6      | Reached XP level 7. HP: 36/56 MP: 13/15
  1018 | D:6      | Identified a +2 pair of boots of running (You found it on
                  | level 6 of the Dungeon)
  1031 | D:5      | Entered Level 5 of the Dungeon
  1067 | D:5      | Reached skill level 2 in Conjurations
  1067 | D:5      | Reached skill level 2 in Hexes
  1067 | D:5      | Reached skill level 2 in Summonings
  1067 | D:5      | Reached skill level 2 in Necromancy
  1067 | D:5      | Reached skill level 2 in Translocations
  1067 | D:5      | Reached skill level 2 in Transmutations
  1067 | D:5      | Reached skill level 2 in Fire Magic
  1067 | D:5      | Reached skill level 2 in Ice Magic
  1067 | D:5      | Reached skill level 2 in Air Magic
  1067 | D:5      | Reached skill level 2 in Earth Magic
  1067 | D:5      | Reached skill level 2 in Poison Magic
  1079 | D:5      | Reached skill level 3 in Invocations
  1086 | D:5      | Reached XP level 8. HP: 40/63 MP: 5/16
  1135 | D:5      | Found Baumuet's Magic Scroll Shoppe.
  1154 | D:5      | Reached skill level 6 in Charms
  1167 | D:5      | Gained mutation: You have a pair of small horns on your
                  | head. [potion of mutation]
  1167 | D:5      | Gained mutation: Your mind is acute. (Int +2) [potion of
                  | mutation]
  1167 | D:5      | Gained mutation: Your spells are a little harder to cast,
                  | but a little more powerful. [potion of mutation]
  1198 | D:5      | You fall through a shaft!
  1245 | D:6      | Reached skill level 3 in Short Blades
  1245 | D:6      | Reached skill level 3 in Long Blades
  1245 | D:6      | Reached skill level 3 in Axes
  1245 | D:6      | Reached skill level 3 in Maces & Flails
  1245 | D:6      | Reached skill level 3 in Staves
  1245 | D:6      | Reached skill level 3 in Slings
  1245 | D:6      | Reached skill level 3 in Bows
  1245 | D:6      | Reached skill level 3 in Crossbows
  1245 | D:6      | Reached skill level 3 in Throwing
  1245 | D:6      | Reached skill level 4 in Armour
  1245 | D:6      | Reached skill level 3 in Stealth
  1245 | D:6      | Reached skill level 3 in Shields
  1245 | D:6      | Reached skill level 3 in Unarmed Combat
  1245 | D:6      | Reached skill level 3 in Evocations
  1275 | D:6      | Found a staircase to the Ecumenical Temple.
  1281 | Temple   | Entered the Ecumenical Temple
  1291 | Temple   | Became a worshipper of Cheibriados the Contemplative
  1398 | D:6      | Reached skill level 6 in Spellcasting
  1488 | D:5      | Fell from the grace of Cheibriados
  1518 | D:5      | Bought a scroll of fog for 28 gold pieces
  1518 | D:5      | Bought a scroll of teleportation for 42 gold pieces
  1518 | D:5      | Bought a scroll of identify for 28 gold pieces
  1518 | D:5      | Bought a scroll of fog for 28 gold pieces
  1518 | D:5      | Bought a scroll of remove curse for 42 gold pieces
  1518 | D:5      | Bought a scroll of enchant armour for 105 gold pieces
  1518 | D:5      | Quit the game

Skill      XL: |  1  2  3  4  5  6  7  8 |
---------------+-------------------------+-----
Spellcasting   | 5 6 |  6.0
Invocations    | 2 3 |  3.5
Short Blades   | 1 2 3 |  3.2
Long Blades    | 1 2 3 |  3.2
Axes           | 1 2 3 |  3.2
Maces & Flails | 1 2 3 |  3.2
Staves         | 1 2 3 |  3.2
Slings         | 1 2 3 |  3.2
Bows           | 1 2 3 |  3.2
Crossbows      | 1 2 3 |  3.2
Throwing       | 1 2 3 |  3.2
Armour         | 3 4 |  4.1
Stealth        | 1 2 3 |  3.2
Shields        | 1 2 3 |  3.2
Unarmed Combat | 1 2 3 |  3.2
Conjurations   | 1 2 |  2.6
Hexes          | 1 2 |  2.6
Summonings     | 1 2 |  2.6
Necromancy     | 1 2 |  2.6
Translocations | 1 2 |  2.6
Transmutations | 1 2 |  2.6
Fire Magic     | 1 2 |  2.6
Ice Magic      | 1 2 |  2.6
Air Magic      | 1 2 |  2.6
Earth Magic    | 1 2 |  2.6
Poison Magic   | 1 2 |  2.6
Evocations     | 1 2 3 |  3.2
Fighting       | 5 |  5.6
Polearms       | 5 |  5.6
Dodging        | 5 |  5.6
Charms         | 6 |  6.1

Action                   |  1- 3 |  4- 6 |  7- 9 || total
-------------------------+-------+-------+-------++-------
Melee: Spear             |    33 |       |       ||    33
       Trident           |    49 |    24 |    72 ||   145
       Bite              |     3 |     2 |     5 ||    10
       Headbutt          |       |       |     3 ||     3
       Punch             |       |       |     1 ||     1
Throw: Stone             |       |       |     1 ||     1
 Cast: Infusion          |     5 |       |       ||     5
       Song of Slaying   |     2 |       |     4 ||     6
       Spectral Weapon   |     3 |     3 |     8 ||    14
       Shroud of Golubri |     1 |       |     2 ||     3
       Regeneration      |       |       |     1 ||     1
  Use: Potion            |     2 |       |     2 ||     4
       Scroll            |     1 |     1 |       ||     2
 Stab: Sleeping          |     3 |       |       ||     3
       Distracted        |       |       |     1 ||     1
  Eat: Ration            |       |     1 |     1 ||     2
Armor: Leather armour    |     6 |     1 |     9 ||    16
Dodge: Dodged            |    50 |    16 |    44 ||   110

Table legend:
 A = Turns spent in this place as a percentage of turns spent in the entire game.
 B = Non-inter-level travel turns spent in this place as a percentage of non-inter-level travel turns spent in the entire game.
 C = Inter-level travel turns spent in this place as a percentage of turns spent in this place.
 D = Turns resting spent in this place as a percentage of non-inter-level travel turns spent in this place.
 E = Turns spent auto-exploring this place as a percentage of non-inter-level travel turns spent in this place.
 F = Non-inter-level travel turns spent in this place divided by the number of levels of this place that you've seen.
                   A       B       C       D       E      F
               +-------+-------+-------+-------+-------+----------------------
         Total | 100.0 | 100.0 |   2.8 |   0.0 |   0.0 | 184.5
       Dungeon |  98.6 |  99.2 |   2.2 |   0.0 |   0.0 | 209.1
        Temple |   1.4 |   0.8 |  42.9 |   0.0 |   0.0 |  12.0
               +-------+-------+-------+-------+-------+----------------------

Table legend:
 A = Kills in this place as a percentage of kills in entire the game.
 B = Kills by you in this place as a percentage of kills by you in the entire game.
 C = Kills by friends in this place as a percentage of kills by friends in the entire game.
 D = Other kills in this place as a percentage of other kills in the entire game.
 E = Experience gained in this place as a percentage of experience gained in the entire game.
 F = Experience gained in this place divided by the number of levels of this place that you have seen.
                   A       B       C       D       E      F
               +-------+-------+-------+-------+-------+----------------------
         Total | 100.0 | 100.0 |   N/A |   N/A | 100.0 | 210.9
       Dungeon | 100.0 | 100.0 |   N/A |   N/A | 100.0 | 241.0
               +-------+-------+-------+-------+-------+----------------------

Levels and vault maps discovered:
D:1:      dpeg_arrival_rooms_b, layout_basic, tso_altar
D:2:      layout_loops_ring, elyvilon_altar_5, chequers_ecumenical_altar_lobes
D:3:      minmay_recursive_quarters, layout_loops_corners,
          nicolae_overflow_crystal_walls, uniq_grinder
D:4:      layout_basic, led_sif_pool, grunt_ministairs_13,
          chequers_serial_rivers_room_a, nemelex_altar_shiori
D:5:      layout_basic, first_ration, serial_shops, shop, serial_rivers,
          chequers_serial_rivers_small_a, chequers_serial_rivers_micro_b,
          chequers_serial_rivers_small_3, chequers_serial_rivers_micro_c,
          chequers_serial_rivers_small_b
D:6:      layout_basic, minmay_temple_entry_enclosed_plants, uniq_menkaure
D:7:      layout_loops_corners, basic_altar, uniq_pikel
Temple:   jpeg_temple_clearing
